 Dungeon Crawl Stone Soup version 0.29-a0-330-g52719c12eb (webtiles) character file.

Game seed: 9213734069007528238

1422 jmlagarto the Chopper (level 8, -5/67 HPs)
             Began as a Gnoll Cinder Acolyte on Apr 17, 2022.
             Was a High Priest of Ignis.
             Succumbed to an orc's poison
             ... on level 5 of the Dungeon.
             The game lasted 00:10:52 (6863 turns).

jmlagarto the Chopper (Gnoll Cinder Acolyte)        Turns: 6863, Time: 00:10:52

Health: -5/67      AC: 18    Str: 15    XL:     8   Next: 72%
Magic:  14/14      EV:  7    Int: 15    God:    Ignis [*****.]
Gold:   273        SH: 16    Dex:  7    Spells: 16/16 levels left

rFire   + . .      SeeInvis .   a - -1 hand axe (flame)
rCold   . . .      Faith    .   f - +0 tower shield
rNeg    . . .      Spirit   .   o - +0 ring mail
rPois   .          Reflect  +   (no helmet)
rElec   .          Harm     .   E - +1 cloak
rCorr   +          Rampage  .   h - +0 pair of gloves
Will    ++...                   (no boots)
Stlth   +.........              y - amulet of reflection
HPRegen 1.01/turn               B - ring of willpower
MPRegen 0.14/turn               x - ring of resist corrosion

@: lethally poisoned (-5 -> -26), fiery-armoured, invisible
A: fangs 1, strong nose, distributed training, iridescent scales 1,
strong-willed 1, regeneration 1
a: Renounce Religion, Fiery Armour, Foxfire Swarm, Rising Flame


You were on level 5 of the Dungeon.
You worshipped Ignis.
Ignis was extremely pleased with you.
You visited 1 branch of the dungeon, and saw 5 of its levels.

You collected 273 gold pieces.

Inventory:

Hand Weapons
 a - a -1 hand axe of flaming (weapon)
 e - a +2 vorpal flail
 j - a +2 short sword of protection
 s - a +3 vorpal shortbow
 D - a +4 quarterstaff of chaos
 G - a +2 whip of electrocution
Missiles
 g - 18 poisoned darts (quivered)
Armour
 f - a +0 tower shield (worn)
 h - a +0 pair of gloves (worn)
 o - a +0 ring mail (worn)
 E - a +1 cloak (worn)
Jewellery
 l - a +6 ring of intelligence
 x - a ring of resist corrosion (right hand)
 y - an amulet of reflection (around neck)
 B - a ring of willpower (left hand)
Wands
 b - a wand of polymorph (10)
 q - a wand of flame (6)
Scrolls
 c - a scroll of teleportation
 d - 2 scrolls of magic mapping
 i - a scroll of enchant armour
 k - 2 scrolls of fog
 m - a scroll of blinking {unknown}
 n - a scroll of noise {unknown}
 t - 2 scrolls of immolation {unknown}
 C - a scroll of fear {unknown}
 F - a scroll of amnesia {unknown}
Potions
 p - a potion of haste
 u - a potion of might
 A - a potion of degeneration {unknown}


   Skills:
 + Level 7.5 Fighting
 + Level 3.5 Short Blades
 + Level 3.5 Long Blades
 + Level 7.5 Axes
 + Level 3.5 Maces & Flails
 + Level 3.5 Polearms
 + Level 3.5 Staves
 + Level 3.5 Slings
 + Level 3.5 Bows
 + Level 3.5 Crossbows
 + Level 3.5 Throwing
 + Level 3.5 Armour
 + Level 3.5 Dodging
 + Level 3.5 Stealth
 + Level 3.5 Shields
 + Level 3.5 Unarmed Combat
 + Level 4.5 Spellcasting
 + Level 2.9 Conjurations
 + Level 2.9 Hexes
 + Level 2.9 Summonings
 + Level 2.9 Necromancy
 + Level 2.9 Translocations
 + Level 2.9 Transmutations
 + Level 6.2 Fire Magic
 + Level 2.9 Ice Magic
 + Level 2.9 Air Magic
 + Level 2.9 Earth Magic
 + Level 2.9 Poison Magic
 + Level 3.9 Invocations
 + Level 3.5 Evocations


You had 16 spell levels left.
You didn't know any spells.
Your spell library contained the following spells:

 Spells                   Type           Power      Damage    Failure   Level
 Scorch                   Fire           44%        2d7       43%         2
 Dazzling Flash           Conj/Hex       24%        N/A       98%         3
 Gell's Gravitas          Tloc           12%        N/A       98%         3
 Lesser Beckoning         Tloc           12%        N/A       98%         3
 Teleport Other           Tloc           12%        N/A       98%         3
 Agony                    Necr           12%        N/A       100%        5
 Silence                  Hex/Air        6%         N/A       100%        5


Dungeon Overview and Level Annotations

Branches:
Dungeon (5/15)             Temple (0/1) D:4

Altars:
Nemelex Xobeh
Qazlal

Shops:
D:1 :


Innate Abilities, Weirdness & Mutations

You have very sharp teeth.
Your uncanny sense of smell can sniff out nearby items.
Your experience applies equally to all skills.
You are partially covered in iridescent scales. (AC +2)
You are strong-willed. (Will+)
Your natural rate of healing is unusually fast.


Message History

* * * LOW HITPOINT WARNING * * *
You are more poisoned.
You block the orc's attack.
The gnoll shouts!
You hit the orc. You burn the orc. Your bite misses the orc.
The orc is heavily wounded.
You barely miss the orc.
You feel very sick. You block the gnoll's attack. You block the orc's attack.
The orc closely misses you. You block the gnoll's attack.
You closely miss the orc. You bite the orc.
The orc is lightly wounded.
You hit the orc. You burn the orc.
You feel very sick.
The orc hits you with a +0 short sword of venom.
* * * LOW HITPOINT WARNING * * *
You are lethally poisoned!
The orc hits you but does no damage. You block the gnoll's attack.
You block the orc's attack.
You hit the orc. You burn the orc.
The orc is moderately wounded.
You hit the orc but do no damage.
* * * LOW HITPOINT WARNING * * *
You feel very sick. You block the orc's attack.
The gnoll hits you from afar with a +0 halberd.
* * * LOW HITPOINT WARNING * * *
You block the gnoll's attack. The orc hits you but does no damage.
You are more poisoned.
The orc closely misses you.
It was a potion of invisibility.
You fade into invisibility!
* * * LOW HITPOINT WARNING * * *
You feel very sick.
You block the gnoll's attack. x2; The orc hits you but does no damage.
You are more poisoned.
The orc closely misses you.
Unknown command.
A protective cloak of flame settles atop you.
You die...

######################ggo#≈≈P...#
. . #o###≈≈....# ########.
#.#.≈≈≈....# #...g.... #.≈≈≈..P.#
........# #.≈≈≈....# ........#
#.≈≈≈....# #.....gg# #.≈≈≈....#
###############o# #.≈≈≈....#
...'....))....o@# #.≈≈≈....#
..#...)#...)...# #.≈≈≈....#
#....#.......# ###≈≈P...#
#####''''######### #≈≈....#
...).............. #≈≈....#
≈≈≈≈≈....≈≈≈≈≈≈≈≈≈ ###≈≈....#
≈≈≈≈≈....≈≈≈≈≈≈≈≈≈ ≈≈≈≈≈....#
≈≈≈≈≈...)≈≈≈≈≈≈≈≈≈ ≈≈≈≈≈....#
.)................ .........#


You could see 3 gnolls and 2 orcs.

Vanquished Creatures
  Sigmund (D:3)
  A steam dragon (D:4)
  2 black bears (D:5)
  An ice beast (D:5)
  A phantom (D:5)
  2 scorpions
  3 howler monkeys (D:5)
  A jelly (D:4)
  A gnoll shaman (D:5)
  Crazy Yiuf (D:4)
  4 hounds
  Jessica (D:3)
  6 adders
  11 gnolls (D:5)
  2 white imps
  3 ufetubi
  3 dart slugs (D:4)
  18 orcs
  10 ball pythons
  5 bats
  3 endoplasms
  2 giant cockroaches
  3 goblins
  6 hobgoblins
  16 jackals
  3 quokkas (D:4)
  A frilled lizard (D:1)
  4 kobolds
  5 rats
120 creatures vanquished.

Vanquished Creatures (others)
  3 plants (D:5)
3 creatures vanquished.

Grand Total: 123 creatures vanquished

Notes
Turn   | Place    | Note
-------+----------+-------------------------------------------
     0 | D:1      | jmlagarto the Gnoll Cinder Acolyte began the quest for the
                  | Orb.
     0 | D:1      | Reached XP level 1. HP: 23/23 MP: 4/4
   587 | D:1      | Found Houbruf's Book Emporium.
   622 | D:1      | Reached XP level 2. HP: 20/29 MP: 5/5
  1310 | D:2      | Reached XP level 3. HP: 22/35 MP: 7/7
  1531 | D:2      | Reached skill level 1 in Invocations
  1819 | D:2      | Found a faded altar of an unknown god.
  2089 | D:3      | Noticed Jessica
  2099 | D:3      | Killed Jessica
  2100 | D:3      | Reached skill level 1 in Short Blades
  2100 | D:3      | Reached skill level 1 in Long Blades
  2100 | D:3      | Reached skill level 1 in Maces & Flails
  2100 | D:3      | Reached skill level 1 in Polearms
  2100 | D:3      | Reached skill level 1 in Staves
  2100 | D:3      | Reached skill level 1 in Slings
  2100 | D:3      | Reached skill level 1 in Bows
  2100 | D:3      | Reached skill level 1 in Crossbows
  2100 | D:3      | Reached skill level 1 in Throwing
  2100 | D:3      | Reached skill level 1 in Armour
  2100 | D:3      | Reached skill level 1 in Dodging
  2100 | D:3      | Reached skill level 1 in Stealth
  2100 | D:3      | Reached skill level 1 in Shields
  2100 | D:3      | Reached skill level 1 in Unarmed Combat
  2100 | D:3      | Reached skill level 1 in Evocations
  2100 | D:3      | Reached XP level 4. HP: 15/41 MP: 8/8
  2334 | D:3      | Noticed an earth elemental
  2336 | D:3      | Found a stormy altar of Qazlal.
  2688 | D:3      | Noticed Sigmund
  2700 | D:3      | Killed Sigmund
  2701 | D:3      | Reached skill level 1 in Conjurations
  2701 | D:3      | Reached skill level 1 in Hexes
  2701 | D:3      | Reached skill level 1 in Summonings
  2701 | D:3      | Reached skill level 1 in Necromancy
  2701 | D:3      | Reached skill level 1 in Translocations
  2701 | D:3      | Reached skill level 1 in Transmutations
  2701 | D:3      | Reached skill level 1 in Ice Magic
  2701 | D:3      | Reached skill level 1 in Air Magic
  2701 | D:3      | Reached skill level 1 in Earth Magic
  2701 | D:3      | Reached skill level 1 in Poison Magic
  2701 | D:3      | Reached XP level 5. HP: 29/47 MP: 8/10
  2701 | D:3      | Reached XP level 6. HP: 32/53 MP: 8/11
  2898 | D:3      | Noticed a water elemental
  2901 | D:3      | Noticed a fire elemental
  2907 | D:3      | Noticed an air elemental
  3044 | D:4      | Found a runed translucent door.
  3046 | D:4      | Noticed Crazy Yiuf
  3614 | D:4      | Found a sparkling altar of Nemelex Xobeh.
  4029 | D:4      | Noticed a steam dragon
  4055 | D:4      | Killed a steam dragon
  4056 | D:4      | Reached XP level 7. HP: 35/60 MP: 12/12
  4247 | D:4      | Found a staircase to the Ecumenical Temple.
  4756 | D:4      | Paralysed by Crazy Yiuf for 3 turns
  4767 | D:4      | Killed Crazy Yiuf
  5048 | D:5      | Entered Level 5 of the Dungeon
  5365 | D:5      | Reached XP level 8. HP: 29/67 MP: 14/14
  6854 | D:5      | HP: 3/67 [gnoll/+0 halberd (5)]
  6856 | D:5      | Gained mutation: Your natural rate of healing is unusually
                  | fast. [potion of mutation]
  6856 | D:5      | Gained mutation: You are partially covered in iridescent
                  | scales. (AC +2) [potion of mutation]
  6856 | D:5      | Gained mutation: You are strong-willed. (Will+) [potion of
                  | mutation]
  6862 | D:5      | HP: 1/67 [poisoned by an orc]
  6863 | D:5      | Succumbed to an orc's poison

Illustrated notes

Levels and vault maps discovered:
D:1:      dpeg_chamrin_arrival_tetris, layout_loops_corners, serial_shops, shop,
          chequers_avenue
D:2:      layout_loops_ring, hellmonk_ecumenical_altar_heavens_door,
          kennysheep_generic_room_6
D:3:      layout_loops_ring, nicolae_qazlal_style_of_elements, uniq_sigmund,
          uniq_jessica
D:4:      minmay_clustersquares, layout_loops_corners,
          nemelex_spade_bored_becter, temple_green, uniq_crazy_yiuf_cottage
D:5:      lemuel_castle_with_subvaults [lemuel_castle_interior_carwin_3],
          layout_layer_cave, roderic_lattice_a

Skill      XL: |  1  2  3  4  5  6  7  8 |
---------------+-------------------------+-----
Invocations    | 1 2 3 |  3.9
Short Blades   | 1 2 3 |  3.5
Long Blades    | 1 2 3 |  3.5
Maces & Flails | 1 2 3 |  3.5
Polearms       | 1 2 3 |  3.5
Staves         | 1 2 3 |  3.5
Slings         | 1 2 3 |  3.5
Bows           | 1 2 3 |  3.5
Crossbows      | 1 2 3 |  3.5
Throwing       | 1 2 3 |  3.5
Armour         | 1 2 3 |  3.5
Dodging        | 1 2 3 |  3.5
Stealth        | 1 2 3 |  3.5
Shields        | 1 2 3 |  3.5
Unarmed Combat | 1 2 3 |  3.5
Spellcasting   | 3 4 |  4.5
Evocations     | 1 2 3 |  3.5
Conjurations   | 1 2 |  2.9
Hexes          | 1 2 |  2.9
Summonings     | 1 2 |  2.9
Necromancy     | 1 2 |  2.9
Translocations | 1 2 |  2.9
Transmutations | 1 2 |  2.9
Ice Magic      | 1 2 |  2.9
Air Magic      | 1 2 |  2.9
Earth Magic    | 1 2 |  2.9
Poison Magic   | 1 2 |  2.9
Fighting       | 7 |  7.5
Axes           | 7 |  7.5
Fire Magic     | 6 |  6.2

Action                   |  1- 3 |  4- 6 |  7- 9 || total
-------------------------+-------+-------+-------++-------
Melee: Hand axe          |    87 |   158 |   363 ||   608
       Bite              |     8 |    14 |    28 ||    50
       Punch             |       |     1 |       ||     1
Invok: Fiery Armour      |     1 |       |     2 ||     3
Evoke: Wand              |       |       |     4 ||     4
  Use: Scroll            |     1 |     2 |     1 ||     4
       Potion            |       |     2 |     5 ||     7
Armor: Robe              |    23 |       |       ||    23
       Ring mail         |     4 |    55 |   162 ||   221
Dodge: Dodged            |    63 |    81 |   111 ||   255
Block: Other             |       |     5 |     1 ||     6
       Tower shield      |       |       |   412 ||   412
       Reflection        |       |       |     1 ||     1

Table legend: (Time is in decaauts)
 A = Elapsed time spent in this place.
 B = Non-inter-level travel time spent in this place.
 C = Inter-level travel time spent in this place.
 D = Time resting spent in this place.
 E = Time spent auto-exploring this place.
 F = Levels seen in this place.
 G = Mean time per level.
                   A        B        C        D        E       F      G
               +--------+--------+--------+--------+--------+-----+--------+
         Total |   6978 |   6841 |    137 |    633 |   4988 |   5 | 1395.6 |
       Dungeon |   6978 |   6841 |    137 |    633 |   4988 |   5 | 1395.6 |
               +--------+--------+--------+--------+--------+-----+--------+

Top non-repeatable levels by time:
     D:4: 2081 daAuts
     D:5: 1926 daAuts
     D:1: 1209 daAuts
     D:3: 1039 daAuts
     D:2: 721 daAuts
